 Dungeon Crawl Stone Soup version 0.28.0-47-ge53b351184 (webtiles) character file.

Game seed: 16352385097906916517

2694 croobank the Covert (level 9, -3/74 HPs)
             Began as a Gnoll Delver on Apr 29, 2022.
             Slain by an orc warrior
             ... wielding a +0 war axe
              (8 damage)
             ... in a bailey.
             The game lasted 00:27:53 (7486 turns).

croobank the Covert (Gnoll Delver)                  Turns: 7486, Time: 00:27:53

Health: -3/74      AC: 10    Str: 14    XL:     9   Next: 65%
Magic:  15/15      EV: 11    Int: 11    God:
Gold:   255        SH:  0    Dex: 14    Spells: 14/16 levels left

rFire   + + +      SeeInvis .   a - +10 trident of Xixzybyn {vamp, Fragile rF++ Will+}
rCold   + . .      Faith    .   (no shield)
rNeg    . . .      Spirit   .   n - +0 scale mail {rC+}
rPois   .          Reflect  .   (helmet restricted)
rElec   .          Harm     .   (no cloak)
rCorr   .          Rampage  .   e - +2 pair of gloves
Will    +....      Rage     1%  (no boots)
Stlth   +++.......              (no amulet)
HPRegen 0.22/turn               y - ring of flight
MPRegen 0.14/turn               C - ring of protection from fire

@: on berserk cooldown, flying, slowed, very slow
A: fangs 1, strong nose, distributed training, horns 1, talons 1, berserk 1
a: no special abilities


You were in a bailey.
You visited 1 branch of the dungeon, and saw 7 of its levels.
You also visited: Bailey.

You collected 255 gold pieces.

Inventory:

Hand Weapons
 a - the +10 trident of Xixzybyn (weapon) {vamp, Fragile rF++ Will+}
   (You found it on level 4 of the Dungeon)

   It occasionally heals its wielder for a portion of the damage dealt when it
   wounds a living foe.
   rF:        It greatly protects you from fire.
   Fragile:   It will be destroyed if unequipped.
   Will:      It increases your willpower.
 b - a +0 hunting sling
 j - a +0 dagger
 p - a +1 whip of freezing
 A - a +2 hand axe of venom
 D - a +0 hand crossbow
 E - a +0 shortbow
Missiles
 f - 86 arrows
 i - 42 bolts
 k - 46 sling bullets
 q - 20 boomerangs
 w - 168 stones
 H - 7 curare-tipped darts (quivered)
 I - 4 poisoned darts
 J - 4 atropa-tipped darts
Armour
 e - a +2 pair of gloves (worn)
 l - a +0 leather armour
 n - a +0 scale mail of cold resistance (worn)
 s - a +0 ring mail
 t - a +0 chain mail
Magical Staves
 r - a staff of conjuration
 B - a staff of air
Jewellery
 y - a ring of flight (left hand)
 C - a ring of protection from fire (right hand)
Wands
 g - a wand of digging (9)
Scrolls
 c - 4 scrolls of fog
 d - a scroll of magic mapping
 u - a scroll of amnesia {unknown}
 x - a scroll of noise {unknown}
 F - a scroll of brand weapon
 G - 2 scrolls of identify
Potions
 h - 3 potions of flight
 o - a potion of might
Miscellaneous
 v - a phial of floods


   Skills:
 + Level 8.0 Fighting
 + Level 4.4 Short Blades
 + Level 4.4 Long Blades
 + Level 6.4 Axes
 + Level 4.4 Maces & Flails
 + Level 4.4 Polearms
 + Level 4.4 Staves
 + Level 4.4 Slings
 + Level 4.4 Bows
 + Level 4.4 Crossbows
 + Level 4.4 Throwing
 + Level 4.4 Armour
 + Level 6.4 Dodging
 + Level 10.6 Stealth
 + Level 4.4 Shields
 + Level 4.4 Unarmed Combat
 + Level 4.4 Spellcasting
 + Level 3.6 Conjurations
 + Level 3.6 Hexes
 + Level 3.6 Summonings
 + Level 3.6 Necromancy
 + Level 3.6 Translocations
 + Level 3.6 Transmutations
 + Level 3.6 Fire Magic
 + Level 3.6 Ice Magic
 + Level 3.6 Air Magic
 + Level 3.6 Earth Magic
 + Level 3.6 Poison Magic
 + Level 4.9 Invocations
 + Level 4.4 Evocations


You had 14 spell levels left.
You knew the following spells:

 Your Spells              Type           Power      Damage    Failure   Level
a - Blink                 Tloc           20%        N/A       30%         2

Your spell library contained the following spells:

 Spells                   Type           Power      Damage    Failure   Level
 Fireball                 Conj/Fire      5%         3d5       99%         5
 Manifold Assault         Tloc           10%        N/A       99%         5
 Starburst                Conj/Fire      5%         6d4       100%        6
 Storm Form               Tmut/Air       5%         N/A       100%        7
 Ignition                 Fire           5%         3d4       100%        8


Dungeon Overview and Level Annotations

Branches:
Dungeon (7/15)             Bailey (1/1)
 Temple: D:4-7

Altars:
Ru

Shops:
D:4 *


Innate Abilities, Weirdness & Mutations

You have very sharp teeth.
Your uncanny sense of smell can sniff out nearby items.
Your experience applies equally to all skills.
You have a pair of small horns on your head.
You have sharp toenails.
You tend to lose your temper in combat.


Message History

You are no longer poisoned.
The orc warrior closely misses you.
The kobold brigand throws a poisoned dart.
The poisoned dart hits you!
You are poisoned.
Things that are here:
a +0 war axe; 4 poisoned darts You feel very sick.
The orc warrior hits you with a +0 war axe.
* * * LOW HITPOINT WARNING * * *
Things that are here:
a +0 war axe; a +0 plate armour You feel sick.
The kobold brigand misses you.
You feel sick.
The orc warrior hits you with a +0 war axe!
* * * LOW HITPOINT WARNING * * *
There is an open gate here.
You feel sick.
The kobold brigand hits you with a +0 war axe.
* * * LOW HITPOINT WARNING * * *
There is a gate leading back out of this place here.
You feel much better.
You feel sick. The kobold brigand closely misses you.
The orc warrior closely misses you.
The kobold brigand hits you with a +0 war axe.
* * * LOW HITPOINT WARNING * * *
The orc warrior closely misses you.
Throw: 8 darts (curare)
Press: ? - help, Q - select action, (/) - cycle Shift-Dir - straight line, f - kobold brigand
Aim: a kobold brigand, wielding a +0 war axe and quivering poisoned darts (59% to hit)
You throw a curare-tipped dart.
The curare-tipped dart hits the kobold brigand.
The kobold brigand is poisoned.
The kobold brigand convulses.
The kobold brigand seems to slow down.
The kobold brigand is moderately wounded.
You feel sick.
You are no longer poisoned.
The orc warrior hits you with a +0 war axe!
* * * LOW HITPOINT WARNING * * *
The orc warrior hits you with a +0 war axe!
You die...

#....≈≈..(....≈≈)...#
#####≈≈.......≈≈#####
##≈.......≈##
####...#### #)..#
#)..# #...# ##oKo##
##..@..## #.......#
#...∩...# ##.....##
#######


You could see 2 orc warriors and a kobold brigand (very poisoned, slow).

Vanquished Creatures
  A water moccasin (D:6)
  An ice beast (D:5)
  2 orc warriors (Bailey)
  A sky beast (D:5)
  4 necrophages
  A centaur (D:6)
  2 phantoms
  4 kobold brigands (Bailey)
  2 bullfrogs (D:4)
  A water moccasin zombie (D:5)
  2 water moccasin skeletons
  5 killer bees (D:5)
  3 bullfrog zombies (D:6)
  2 centaur zombies (D:6)
  A hound (D:6)
  2 centaur skeletons (D:6)
  An orc priest (D:5)
  A jelly (D:5)
  3 gnoll shamans
  3 iguanas
  2 orc wizards (D:6)
  A killer bee zombie (D:6)
  2 howler monkey zombies (D:6)
  A hound skeleton (D:4)
  8 gnolls
  A howler monkey skeleton (D:6)
  8 adders
  2 shadow imps (D:5)
  A white imp (D:6)
  3 worms
  A dart slug (D:3)
  15 orcs
  7 ball pythons
  7 endoplasms
  2 giant cockroaches
  9 goblins
  6 hobgoblins
  4 jackals
  4 quokkas
  8 bats
  2 frilled lizards (D:3)
  18 kobolds
  8 rats
162 creatures vanquished.

Vanquished Creatures (others)
  A withered plant (D:6)
1 creature vanquished.

Grand Total: 163 creatures vanquished

Notes
Turn   | Place    | Note
-------+----------+-------------------------------------------
     0 | D:5      | Reached skill level 9 in Stealth
     0 | D:5      | croobank the Gnoll Delver began the quest for the Orb.
     0 | D:5      | Reached XP level 1. HP: 23/23 MP: 1/1
     8 | D:4      | Noticed an iguana
    44 | D:5      | Noticed an ice beast
   300 | D:2      | Reached XP level 2. HP: 29/29 MP: 2/2
   545 | D:2      | Reached XP level 3. HP: 15/35 MP: 3/3
  1175 | D:1      | Reached skill level 1 in Invocations
  1336 | D:1      | Reached skill level 1 in Short Blades
  1336 | D:1      | Reached skill level 1 in Long Blades
  1336 | D:1      | Reached skill level 1 in Maces & Flails
  1336 | D:1      | Reached skill level 1 in Polearms
  1336 | D:1      | Reached skill level 1 in Staves
  1336 | D:1      | Reached skill level 1 in Slings
  1336 | D:1      | Reached skill level 1 in Bows
  1336 | D:1      | Reached skill level 1 in Crossbows
  1336 | D:1      | Reached skill level 1 in Throwing
  1336 | D:1      | Reached skill level 1 in Armour
  1336 | D:1      | Reached skill level 1 in Shields
  1336 | D:1      | Reached skill level 1 in Unarmed Combat
  1336 | D:1      | Reached skill level 1 in Spellcasting
  1336 | D:1      | Reached skill level 1 in Evocations
  2115 | D:2      | Reached XP level 4. HP: 41/41 MP: 5/5
  2725 | D:3      | Found a sacrificial altar of Ru.
  2733 | D:3      | Reached skill level 1 in Conjurations
  2733 | D:3      | Reached skill level 1 in Hexes
  2733 | D:3      | Reached skill level 1 in Summonings
  2733 | D:3      | Reached skill level 1 in Necromancy
  2733 | D:3      | Reached skill level 1 in Translocations
  2733 | D:3      | Reached skill level 1 in Transmutations
  2733 | D:3      | Reached skill level 1 in Fire Magic
  2733 | D:3      | Reached skill level 1 in Ice Magic
  2733 | D:3      | Reached skill level 1 in Air Magic
  2733 | D:3      | Reached skill level 1 in Earth Magic
  2733 | D:3      | Reached skill level 1 in Poison Magic
  2937 | D:3      | Reached XP level 5. HP: 43/47 MP: 6/6
  3072 | D:3      | Found a faded altar of an unknown god.
  3427 | D:4      | Found a large runed translucent door.
  3427 | D:4      | Found a large runed translucent door.
  3447 | D:4      | Found a large runed translucent door.
  3447 | D:4      | Found a large runed translucent door.
  3601 | D:4      | Reached XP level 6. HP: 37/53 MP: 8/8
  3924 | D:4      | Found Devasamamimm's Assorted Antiques.
  3936 | D:4      | Reached skill level 5 in Axes
  3936 | D:4      | Reached skill level 5 in Dodging
  4505 | D:4      | Identified the +10 trident of Xixzybyn {vamp, Fragile rF++
                  | Will+}
  4593 | D:4      | Reached XP level 7. HP: 59/59 MP: 10/10
  5167 | D:5      | HP: 2/57 [killer bee (8)]
  5192 | D:5      | Gained mutation: You tend to lose your temper in combat.
                  | [potion of mutation]
  5192 | D:5      | Gained mutation: You have sharp toenails. [potion of
                  | mutation]
  5192 | D:5      | Gained mutation: You have a pair of small horns on your
                  | head. [potion of mutation]
  5194 | D:5      | Reached skill level 10 in Stealth
  5197 | D:5      | HP: 3/60 [killer bee (2)]
  5201 | D:5      | Reached XP level 8. HP: 4/67 MP: 10/12
  6129 | D:6      | Reached XP level 9. HP: 62/72 MP: 14/14
  7251 | D:7      | Found a flagged portal.
  7256 | Bailey   | Entered a bailey
  7399 | Bailey   | Learned a level 2 spell: Blink
  7439 | Bailey   | Noticed an orc knight
  7486 | Bailey   | Slain by an orc warrior

Illustrated notes

Levels and vault maps discovered:
D:1:      amcnicky_arrival_blooded_trapdoor, layout_basic
D:2:      layout_loops_ring
D:3:      minmay_octagon_keep, layout_loops_ring,
          mainiacjoe_overflow_six_doors_small, ebering_ecumenical_altar_mist
D:4:      layout_rooms, serial_shops, shop, minmay_hollow_rounded_squares
D:5:      layout_rooms
D:6:      layout_basic, serial_undead, serial_undead_e, serial_undead_e,
          serial_undead_d, serial_undead_a
D:7:      kennysheep_seaside_town, layout_layer_cave,
          minmay_temple_entry_junction, enter_bailey_3
Bailey:   bailey_axe_3, bailey

Skill      XL: |  1  2  3  4  5  6  7  8  9 |
---------------+----------------------------+-----
Stealth        | 10 | 10.6
Invocations    | 1 2 3 4 |  4.9
Short Blades   | 1 2 3 4 |  4.4
Long Blades    | 1 2 3 4 |  4.4
Maces & Flails | 1 2 3 4 |  4.4
Polearms       | 1 2 3 4 |  4.4
Staves         | 1 2 3 4 |  4.4
Slings         | 1 2 3 4 |  4.4
Bows           | 1 2 3 4 |  4.4
Crossbows      | 1 2 3 4 |  4.4
Throwing       | 1 2 3 4 |  4.4
Armour         | 1 2 3 4 |  4.4
Shields        | 1 2 3 4 |  4.4
Unarmed Combat | 1 2 3 4 |  4.4
Spellcasting   | 1 2 3 4 |  4.4
Evocations     | 1 2 3 4 |  4.4
Conjurations   | 1 2 3 |  3.6
Hexes          | 1 2 3 |  3.6
Summonings     | 1 2 3 |  3.6
Necromancy     | 1 2 3 |  3.6
Translocations | 1 2 3 |  3.6
Transmutations | 1 2 3 |  3.6
Fire Magic     | 1 2 3 |  3.6
Ice Magic      | 1 2 3 |  3.6
Air Magic      | 1 2 3 |  3.6
Earth Magic    | 1 2 3 |  3.6
Poison Magic   | 1 2 3 |  3.6
Axes           | 5 6 |  6.4
Dodging        | 5 6 |  6.4
Fighting       | 7 8 |  8.0

Action                   |  1- 3 |  4- 6 |  7- 9 || total
-------------------------+-------+-------+-------++-------
Melee: Hand axe          |    67 |   130 |       ||   197
       Dagger            |    38 |       |       ||    38
       Bite              |     6 |    15 |    16 ||    37
       Punch             |     1 |     5 |     6 ||    12
       Trident           |       |    12 |   209 ||   221
       Kick              |       |       |    45 ||    45
       Headbutt          |       |       |    29 ||    29
Throw: Throwing net      |       |       |     5 ||     5
       Dart              |       |       |     1 ||     1
Evoke: Phial of floods   |       |     1 |     1 ||     2
  Use: Scroll            |     5 |     3 |     3 ||    11
       Potion            |     1 |     1 |     7 ||     9
 Stab: Sleeping          |    11 |    18 |     6 ||    35
       Distracted        |       |       |     1 ||     1
Armor: Leather armour    |    22 |    15 |       ||    37
       Scale mail        |       |    23 |   107 ||   130
Dodge: Dodged            |    58 |    63 |    92 ||   213
